Cogmind - Beta 10.2 @@@ ROGUE MODE // 2021.08.10 @ 09:32:46 Player: Demise Result: Escaped! Performance ------------- Evolutions (9) 4500 Regions Visited (27) 5400 Robots Destroyed (288) 1440 Value Destroyed (14282) 14282 Prototype IDs (55) 1100 Alien Tech Used (0) 0 Bonus (12690) 12690 TOTAL SCORE: 39412 Bonus ------- High Alert Combat Kills 1892 Follower Combat Kills 1720 Entered Garrisons 2000 Used RIF Installer 4500 Aligned with FarCom 300 Win 3000 Friendly Fire -722 Cogmind --------- Core Integrity 938/1600 Matter 537/550 Energy 36/1170 System Corruption 29% Temperature Cool (4) Movement Walking (100) Location To Epsilon Eridani Parts ------- > --- POWER (2) -------- Micro Fission Core > --- PROPULSION (6) --- Centrium Leg Centrium Leg Experimental Biometal Leg Experimental Biometal Leg Experimental Biometal Leg Experimental Biometal Leg > --- UTILITY (15) ----- Advanced Heat Sink Experimental Coolant Injector Experimental Energy Well Matter Compressor Advanced Target Analyzer Experimental Hacking Suite Improved System Shield Advanced System Shield Relay Coupler [NC] (17) Relay Coupler [Sentry] (13) Trap Reconfigurator > --- WEAPON (2) ------- Advanced Variable Charge Gun Advanced Variable Charge Gun > --- INVENTORY (4) ---- Micro Fission Core Long-range Tractor Beam Gamma Rifle Advanced Datajack Peak State ------------ > --- POWER ------------ Micro Fission Core Particle Reactor > --- PROPULSION ------- Centrium Leg Experimental Biometal Leg Experimental Biometal Leg Experimental Biometal Leg Experimental Biometal Leg Experimental Biometal Leg > --- UTILITY ---------- Advanced Heat Sink Experimental Coolant Injector Experimental Energy Well Matter Compressor Advanced Target Analyzer Experimental Utility Shielding Hacking Suite Experimental Hacking Suite Improved System Shield Advanced System Shield Advanced System Shield Relay Coupler [NC] Relay Coupler [C] Relay Coupler [Sentry] Trap Reconfigurator > --- WEAPON ----------- Phase Gun Advanced Datajack > --- INVENTORY -------- Advanced Weight Redist. System Long-range Tractor Beam Enhanced Quantum Rifle Improved Plasma Cutter [Rating: 180] Favorites ----------- Power Micro Nuclear Core Engine Cooled Deuterium Engine Power Core Micro Nuclear Core Reactor Light Quantum Reactor Propulsion Improved Treads Treads Improved Treads Leg Experimental Biometal Leg Wheel Centrium Wheel Hover Unit Cooled Antigrav System Flight Unit Impulse Thruster Utility High-capacity Storage Unit Device Advanced Heat Sink Storage High-capacity Storage Unit Processor Advanced Signal Interpreter Hackware Hacking Suite Protection Light Armor Plating Weapon Enhanced Autogun Energy Gun Heavy Laser Energy Cannon Nova Cannon Ballistic Gun Enhanced Autogun Ballistic Cannon Heavy Gauss Cannon Launcher Mini Smartbomb Launcher Special Weapon Improved Remote Datajack Slashing Weapon Scythe Piercing Weapon Heavy Pick Special Melee Weapon Advanced Datajack Build | -11 -10 -10 -10 -9 -8 -8 -8 -8 -7 -7 -7 -7 -6 -6 -5 -5 -4 -4 -4 -4 -3 -3 -2 -2 -1 -1 -1 ------- Run | Scr Mat Min Exi Min Mat Gar Mat Gar Fac Gar Fac Gar Fac Gar Fac Gar Fac Was Fac Gar Res Gar Res Gar Acc Gar Acc Slots Evolved 18 | . . . . . 4 . . . 2 . . . 2 . 2 . 2 . . . 2 . 2 . 2 . . Power 1 | . . . . . . . . . . . . . . . . . . . . . . . 1 . . . . Propulsion 4 | . . . . . . . . . . . . . . . . . . . . . 2 . 1 . 1 . . Utility 13 | . . . . . 4 . . . 2 . . . 2 . 2 . 2 . . . . . . . 1 . . Weapon . | . . . . . . . . . . . . . . . . . . . . . . . . . . . . Parts Attached 588 | 6 12 12 . 2 57 19 37 14 30 28 21 33 47 9 37 14 44 6 8 41 20 4 41 13 . 4 29 Power 40 | 1 . 3 . . 3 . 3 1 . . 1 . 4 1 2 1 6 . . . 1 . 7 1 . . 5 Engine 10 | 1 . 1 . . . . 1 . . . 1 . 3 1 . . 1 . . . . . . . . . 1 Core 19 | . . 2 . . 3 . 2 1 . . . . 1 . 2 1 3 . . . . . 2 . . . 2 Reactor 11 | . . . . . . . . . . . . . . . . . 2 . . . 1 . 5 1 . . 2 Propulsion 62 | 2 2 3 . . 4 2 6 . 4 . 3 2 4 . 1 . 5 . 2 2 2 . 9 . . . 9 Treads 32 | 2 2 3 . . 4 2 5 . 3 . 3 2 2 . 1 . 3 . . . . . . . . . . Leg 9 | . . . . . . . . . . . . . 1 . . . . . . . . . . . . . 8 Wheel 1 | . . . . . . . . . . . . . . . . . . . . . . . 1 . . . . Hover 1 | . . . . . . . . . . . . . . . . . . . . . . . . . . . 1 Flight 19 | . . . . . . . 1 . 1 . . . 1 . . . 2 . 2 2 2 . 8 . . . . Utility 252 | 1 6 3 . 2 15 8 10 3 14 14 6 13 24 4 17 7 22 5 4 24 13 4 20 6 . 1 6 Device 107 | 1 . . . 1 3 4 2 1 3 6 2 3 11 1 8 4 9 5 2 13 8 . 14 1 . 1 4 Storage 22 | . 3 1 . . 1 1 1 . . . . 1 . . 2 . 4 . 1 . 4 . 2 1 . . . Processor 16 | . 1 . . . 5 . 2 . . . . 1 1 . 2 . 1 . . . 1 . 1 . . . 1 Hackware 62 | . . . . . . . . . 6 2 1 8 8 3 5 3 7 . 1 8 . 4 2 3 . . 1 Protection 45 | . 2 2 . 1 6 3 5 2 5 6 3 . 4 . . . 1 . . 3 . . 1 1 . . . Artifact . | . . . . . . . . . . . . . . . . . . . . . . . . . . . . Weapon 234 | 2 4 3 . . 35 9 18 10 12 14 11 18 15 4 17 6 11 1 2 15 4 . 5 6 . 3 9 Energy Gun 15 | . . . . . 1 . . . . . 1 1 . 3 . . 1 . . . . . 1 1 . . 6 Energy Cannon 43 | . . . . . 2 . . 1 2 . 1 . 2 . 13 3 6 . 2 6 2 . 2 1 . . . Ballistic Gun 84 | 2 3 2 . . 16 5 8 5 6 9 6 6 7 1 . . . . . 8 . . . . . . . Ballistic Cannon 3 | . . . . . . . . . . . . . . . . 2 1 . . . . . . . . . . Launcher 33 | . 1 1 . . 2 3 4 3 . 3 1 4 1 . . . . . . 1 1 . 1 3 . 2 2 Special Weapon 19 | . . . . . . . . . 2 . . 5 4 . 2 1 2 1 . . 1 . . . . . 1 Impact Weapon . | . . . . . . . . . . . . . . . . . . . . . . . . . . . . Slashing Weapon 32 | . . . . . 14 1 6 1 2 2 2 2 1 . 1 . . . . . . . . . . . . Piercing Weapon 2 | . . . . . . . . . . . . . . . 1 . 1 . . . . . . . . . . Special Melee Weapon 3 | . . . . . . . . . . . . . . . . . . . . . . . 1 1 . 1 . Unidentified Prototypes 20 | . . . . 1 2 . 1 . 1 . 2 . 1 . 2 . . . . . 1 . 6 1 . . 2 Parts Lost 90 | . . . . . 3 . 5 2 2 5 5 5 11 2 2 2 13 . . 4 4 3 2 1 . 9 10 Power 9 | . . . . . 1 . 2 . . . 1 . . . 1 . 1 . . . . . . . . 2 1 Propulsion 18 | . . . . . 1 . . . 1 1 . 2 2 . . . 1 . . 2 1 1 1 1 . 3 1 Utility 41 | . . . . . . . 1 1 1 3 4 2 6 1 . 1 9 . . 1 3 2 . . . 1 5 Weapon 22 | . . . . . 1 . 2 1 . 1 . 1 3 1 1 1 2 . . 1 . . 1 . . 3 3 Highest Loss Streak 12 | . . . . . 2 . 2 1 2 2 5 2 4 1 1 1 12 . . 3 4 3 2 1 . 9 4 Average Slot Usage (%) 92 | . 98 99 100 100 98 90 88 90 98 93 85 89 92 90 91 90 78 94 88 94 96 86 94 93 84 84 91 Engine 1 | . 14 . . . . . 2 . . . 1 7 4 6 2 . . . . . . . . . . . 1 Core 4 | . . 13 14 14 8 9 5 7 7 7 3 . 1 . 2 5 3 5 5 5 2 . . . . . 2 Treads 11 | . 28 28 28 28 17 17 18 18 15 9 8 9 9 6 5 5 4 . . . . . . . . . . Flight 2 | . . . . . . . . . . . . . . . . . . 10 7 9 15 12 18 15 12 11 . Device 5 | . . . . . 1 5 . 1 4 6 6 5 6 19 8 9 9 23 17 9 4 . 7 9 8 10 12 Storage 12 | . 13 14 14 14 17 12 17 18 15 15 15 16 9 6 9 11 12 5 5 5 3 4 4 7 8 8 8 Processor 6 | . 3 . . . 17 18 17 18 9 7 3 1 5 6 5 5 7 2 . . . . . . . . 1 Hackware 22 | . . . . . . . . . 20 21 23 29 34 26 45 41 26 42 46 52 57 54 44 39 36 35 34 Protection 6 | . 10 14 14 13 15 10 9 9 8 8 6 2 4 5 . . 1 . . 1 . . 2 3 4 4 3 Energy Cannon 1 | . . . . . . . . . . . . . 1 . 5 1 4 . . . 3 4 3 3 4 3 . Ballistic Gun 9 | . 27 28 28 28 16 13 16 13 11 9 9 9 5 1 . . . . . 3 . . . . . . . Special Weapon 1 | . . . . . . . . . . . . 3 4 . . 2 3 5 5 4 3 4 1 . . . . Naked Turns . | . . . . . . . . . . . . . . . . . . . . . . . . . . . . Heaviest Build 108 | 7 26 46 44 44 89 96 99 99 87 87 100 97 91 61 90 94 108 16 25 23 30 29 50 57 54 54 45 Greatest Support 179 | 40 40 40 40 40 46 46 43 43 46 46 51 48 70 70 70 70 75 20 20 20 41 31 59 59 49 49 179 Greatest Overweight (x) 28 | . . 1 1 1 1 2 2 2 2 3 3 28 20 . 1 1 5 . 8 1 8 1 1 1 1 1 4 Average Overweight (x) . | . . . 1 1 1 1 1 1 1 2 2 2 1 . . 1 . . . . . . . . 1 . . Largest Inventory Capacity 28 | 4 10 12 12 12 20 20 20 20 20 20 20 20 20 12 20 20 28 4 10 4 4 4 4 4 4 4 4 Average Capacity 14 | 4 8 11 12 12 19 14 19 20 20 20 20 20 15 12 17 20 17 4 4 4 4 4 4 4 4 4 4 Most Carried 20 | 4 10 12 12 12 20 20 20 20 20 20 20 20 20 12 20 20 20 4 4 4 4 4 4 4 4 4 4 Average Carried 14 | 2 8 11 11 11 19 14 19 18 19 19 19 18 15 11 15 19 16 4 3 3 3 4 3 4 4 3 3 Final Capacity 20 | 4 10 12 12 12 20 20 20 20 20 20 20 20 12 12 20 20 4 4 4 4 4 4 4 4 4 4 4 Final Carried 20 | 3 10 12 12 12 20 20 20 20 20 20 20 20 12 12 20 19 4 4 4 4 4 4 4 4 4 2 4 Class Distribution -------------------- 21% | Hacker-Mutant 20% | Hauler-Mutant 15% | Wizard-Mutant 13% | Mutant 12% | Bothacker-Mutant 6% | Botlord-Mutant 5% | Wizard-Sprinter 3% | Scavenger-Mutant Dominant Class ---------------- Mutant | -10/Materials Mutant | -10/Mines Mutant | -10/Exiles Scavenger-Mutant | -9/Mines Hauler-Mutant | -8/Materials Mutant | -8/Garrison Hauler-Mutant | -8/Materials Hauler-Mutant | -8/Garrison Hacker-Mutant | -7/Factory Hacker-Mutant | -7/Garrison Bothacker-Mutant | -7/Factory Bothacker-Mutant | -7/Garrison Botlord-Mutant | -6/Factory Hacker-Mutant | -6/Garrison Hacker-Mutant | -5/Factory Hacker-Mutant | -5/Garrison Hacker-Mutant | -4/Factory Wizard-Mutant | -4/Waste Wizard-Mutant | -4/Factory Wizard-Mutant | -4/Garrison Wizard-Mutant | -3/Research Wizard-Mutant | -3/Garrison Wizard-Sprinter | -2/Research Wizard-Sprinter | -2/Garrison Wizard-Mutant | -1/Access Wizard-Mutant | -1/Garrison Wizard-Mutant | -1/Access Resources | -11 -10 -10 -10 -9 -8 -8 -8 -8 -7 -7 -7 -7 -6 -6 -5 -5 -4 -4 -4 -4 -3 -3 -2 -2 -1 -1 -1 ----------- Run | Scr Mat Min Exi Min Mat Gar Mat Gar Fac Gar Fac Gar Fac Gar Fac Gar Fac Was Fac Gar Res Gar Res Gar Acc Gar Acc Matter Collected 11806 | 272 351 305 . 32 1161 506 915 418 389 598 400 870 691 341 368 500 512 . 162 1139 130 . 291 917 . 30 508 Remotely 1401 | 117 . . . . 88 . . . . 308 . . . . . 126 35 . 162 372 . . 88 105 . . . Salvage Created 12091 | 66 398 112 . . 1583 613 1768 624 492 645 366 1016 457 529 550 216 820 . 167 216 210 . 260 492 . 53 438 Parts 618 | 5 39 12 . . 98 44 79 31 21 30 11 30 21 12 25 26 45 . 4 17 5 . 14 21 . 6 22 Haulers Intercepted 15 | . 2 . . . 6 . 3 . . . 2 . 1 . 1 . . . . . . . . . . . . Recyclers Shooed 6 | . . . . . . . . . . . . . . . 1 . . . 3 . . . 1 . . . 1 Parts Field Recycled . | . . . . . . . . . . . . . . . . . . . . . . . . . . . . Retrieved Matter . | . . . . . . . . . . . . . . . . . . . . . . . . . . . . Parts Self-Destructed . | . . . . . . . . . . . . . . . . . . . . . . . . . . . . Prevented . | . . . . . . . . . . . . . . . . . . . . . . . . . . . . Kills | -11 -10 -10 -10 -9 -8 -8 -8 -8 -7 -7 -7 -7 -6 -6 -5 -5 -4 -4 -4 -4 -3 -3 -2 -2 -1 -1 -1 ------- Run | Scr Mat Min Exi Min Mat Gar Mat Gar Fac Gar Fac Gar Fac Gar Fac Gar Fac Was Fac Gar Res Gar Res Gar Acc Gar Acc Combat Hostiles Destroyed 219 | . 10 4 . . 27 19 27 14 7 12 5 13 6 9 8 14 12 . . 5 . . 2 16 . 5 4 Melee 3 | . . . . . . 1 . . . . . . . . . . 2 . . . . . . . . . . Guns 96 | . 5 2 . . 20 2 21 5 7 4 4 5 4 9 . . . . . 5 . . . . . . 3 Cannons 36 | . . . . . . . . 1 . . . . . . 8 14 9 . . . . . 2 2 . . . AOE 80 | . 5 2 . . 6 16 6 8 . 8 1 6 2 . . . 1 . . . . . . 14 . 5 . Classes Destroyed 17 | 2 6 . . . 6 . 1 . 1 . . 1 . . . . . . . . . . . . . . . Worker 11 | . 3 1 . . 1 . . . . . 1 . 2 . . . 1 . 1 . . . . . . . 1 Builder 9 | . 1 . . . 2 . . . . . . . 2 . . . 4 . . . . . . . . . . Tunneler 2 | 1 . . . . 1 . . . . . . . . . . . . . . . . . . . . . . Hauler 15 | . 2 . . . 6 . 3 . . . 2 . 1 . 1 . . . . . . . . . . . . Recycler 8 | 1 . . . . . . 2 . . . . . . . . . 1 . 1 . 1 . 1 . . . 1 Mechanic 3 | . . . . . 1 . 1 . 1 . . . . . . . . . . . . . . . . . . Operator 3 | . . . . . 1 . 1 . . . . . . . . . . . . . . . 1 . . . . Watcher 15 | . 3 . . . 5 . 2 . 1 . . . . . 1 1 . . . . 1 . 1 . . . . Swarmer 66 | . 8 2 . . 7 11 5 . . 4 . . . . . 14 . . . 3 . . 2 7 . 3 . Grunt 83 | . 2 2 . . 10 3 11 9 3 5 4 12 3 9 . . 6 . . 1 . . . 3 . . . Brawler 6 | . . . . . 1 . 1 1 . . 1 . . . . . . . . . . . . 2 . . . Duelist 5 | . . . . . . . 2 1 . . . 1 . . . . 1 . . . . . . . . . . Protector 2 | . . . . . 1 . 1 . . . . . . . . . . . . . . . . . . . . Sentry 25 | . . . . . 7 5 7 2 2 . . . . . 1 . . . . 1 . . . . . . . Hunter 11 | . . . . . 1 . . 1 1 3 . 1 . . 1 . 1 . . . . . . 2 . . . Programmer 22 | . . . . . . . . . 1 . . 1 3 . 6 . 4 . . . . . . 1 . 2 4 Behemoth 2 | . . . . . . . . . . . . 1 . . . . . . . . . . . 1 . . . Best Kill Streak 10 | 2 5 2 . . 8 4 5 4 2 4 2 6 2 3 2 5 7 . 2 2 2 . 3 10 . 5 2 Combat Bots Only 10 | . 5 2 . . 5 4 5 4 2 4 2 6 2 3 2 5 6 . . 2 . . 2 10 . 5 2 Max Kills in Single Turn 5 | 1 3 1 . . 5 3 2 2 1 3 1 2 2 1 1 1 4 . 1 1 1 . 1 3 . 2 1 Gunslinging . | . . . . . . . . . . . . . . . . . . . . . . . . . . . . Exploded 3 | . 3 1 . . 3 3 1 2 . 3 1 1 1 . . . 1 . . . . . . 3 . 2 . Melee 1 | . . . . . . 1 . . . . . . . . . . 1 . . . . . . . . . . Uniques/NPCs Destroyed . | . . . . . . . . . . . . . . . . . . . . . . . . . . . . Combat | -11 -10 -10 -10 -9 -8 -8 -8 -8 -7 -7 -7 -7 -6 -6 -5 -5 -4 -4 -4 -4 -3 -3 -2 -2 -1 -1 -1 -------- Run | Scr Mat Min Exi Min Mat Gar Mat Gar Fac Gar Fac Gar Fac Gar Fac Gar Fac Was Fac Gar Res Gar Res Gar Acc Gar Acc Damage Taken 20176 | . 303 143 . . 1480 354 1708 377 683 872 480 1028 1472 458 983 560 4057 . 46 533 344 269 257 613 . 713 2443 Core 3251 | . 21 16 . . 198 20 73 28 102 123 19 118 145 48 128 66 1013 . 23 89 125 78 23 133 . 284 378 Absorbed by Shields 1412 | . . . . . . . . . . . . 16 104 477 . 428 185 . . 75 . 15 . 11 . 26 75 Reduced by Siege Mode 359 | . . . . . . . . . . . . . . 39 26 56 238 . . . . . . . . . . Core Remaining (%) 66 | 100 . . . 85 . . . 42 . . . 48 . 77 . 80 . . . 2 . 84 . 89 . . 58 Volleys Fired 1175 | 3 37 10 . 1 120 48 94 37 29 29 28 62 69 43 83 47 55 . 12 98 14 19 56 78 10 13 80 Largest 2 | 2 2 2 . 2 2 2 2 2 2 2 2 2 2 2 2 2 2 . 1 1 2 2 2 1 1 1 2 Hottest 480 | 40 40 40 . 40 126 66 50 88 88 56 88 66 90 138 196 196 188 . 105 105 133 133 133 113 113 113 480 Shots Fired 1630 | 6 71 18 . 2 213 56 164 50 52 40 46 82 85 60 98 58 76 . 11 100 23 28 67 78 10 13 123 Gun 902 | 6 68 16 . 2 202 22 150 31 38 23 45 40 43 60 2 . 3 . . 36 . . 7 . . . 108 Cannon 405 | . . . . . 2 . . 4 8 . . . 9 . 94 48 62 . 10 20 14 19 49 48 10 8 . Launcher 162 | . 3 2 . . 9 34 14 15 . 17 1 19 7 . . . . . . . . . . 30 . 5 6 Special 161 | . . . . . . . . . 6 . . 23 26 . 2 10 11 . 1 44 9 9 11 . . . 9 Kinetic 776 | 6 68 16 . 2 202 22 150 31 38 23 32 33 43 22 . 38 14 . . 36 . . . . . . . Thermal 513 | . . . . . . . . . . . . . 2 38 89 10 49 . 10 20 17 28 67 48 10 8 117 Explosive 78 | . 3 2 . . 5 1 1 8 . 4 1 5 7 . . . . . . . . . . 30 . 5 6 Electromagnetic 140 | . . . . . 6 33 13 11 8 13 13 21 7 . 7 . 2 . . . 6 . . . . . . Robot Hit Streak 51 | 3 10 5 . 2 27 11 21 11 16 11 8 19 22 51 24 16 19 . 5 17 7 . 6 3 . 4 5 Robot Miss Streak 6 | 1 3 3 . . 4 3 3 2 4 5 6 1 2 1 2 1 1 . 2 2 6 . 2 3 . 1 3 Penetration Max 1 | . . . . . . . . . . . . . . . . 1 . . . . . . . . . . . Secondary Targets 5 | . . . . . 2 . . . 1 . . . 1 1 . . . . . . . . . . . . . Max Gunslinging Chain 1 | . . . . . 1 . . . 1 . . . 1 1 . . . . . . . . . . . . . Capacitor 1 | . . . . . . . . . . . . . . . . . 1 . . . . . . . . . . Shots Hit Robots 938 | 3 38 9 . 2 156 24 128 26 41 14 32 58 65 44 47 45 61 . 7 54 1 . 16 14 . 3 50 Core Hits 587 | 3 22 7 . . 75 26 62 26 23 47 22 36 30 54 14 16 32 . 10 11 2 . 7 37 . 8 17 Critical Hits 24 | . 1 1 . . . . . . . . . 2 . . 2 11 3 . . . . . 1 . . . 3 Critical Kills 9 | . . . . . . . . . . . . . . . 1 3 2 . . . . . 1 . . . 2 Critical Parts Destroyed 15 | . 1 1 . . . . . . . . . 2 . . 1 8 1 . . . . . . . . . 1 Melee Attacks 154 | . . . . . 30 3 14 2 10 7 2 22 10 . 8 . 15 . . . . . 4 9 . 2 16 Impact . | . . . . . . . . . . . . . . . . . . . . . . . . . . . . Slashing 108 | . . . . . 30 3 14 2 10 7 2 22 10 . 8 . . . . . . . . . . . . Piercing 15 | . . . . . . . . . . . . . . . . . 15 . . . . . . . . . . Sneak Attacks 30 | . . . . . 5 . 1 . 2 . . . 3 . 1 . 1 . . . . . . 6 . 1 10 Combat Hostiles 2 | . . . . . . . . . . . . . . . . . . . . . . . . 2 . . . Follow-up Attacks . | . . . . . . . . . . . . . . . . . . . . . . . . . . . . Damage Inflicted 34139 | 33 701 226 . 26 4155 1007 3107 1080 975 1464 937 2526 1796 1355 1911 1202 2825 . 360 486 231 . 554 4278 . 838 2066 Guns 11764 | 33 381 116 . 26 2243 186 2075 302 571 384 896 434 908 1355 . . 48 . . 486 . . 60 . . . 1260 Cannons 5957 | . . . . . 27 . . 107 159 . . . 82 . 1727 1202 1403 . 215 . 231 . 476 282 . 46 . Explosions 13151 | . 320 108 . . 1335 790 923 671 . 945 41 988 482 . . . 935 . 136 . . . . 3996 . 792 689 Melee 3071 | . . . . . 550 31 106 . 245 135 . 1104 277 . 184 . 439 . . . . . . . . . . Ramming 61 | . . 2 . . . . 3 . . . . . 47 . . . . . 9 . . . . . . . . Kinetic 10781 | 33 381 116 . 26 2243 186 2075 302 571 384 626 317 908 685 . 1039 403 . . 486 . . . . . . . Thermal 7022 | . . . . . 64 97 28 . . . . . 82 670 1510 163 1934 . 215 . . . 554 282 . 46 1377 Explosive 8759 | . 320 108 . . 867 61 116 556 . 473 41 340 400 . . . . . . . . . . 3996 . 792 689 Electromagnetic 4445 | . . . . . 431 632 779 222 159 472 270 765 82 . 217 . 49 . 136 . 231 . . . . . . Impact . | . . . . . . . . . . . . . . . . . . . . . . . . . . . . Slashing 2632 | . . . . . 550 31 106 . 245 135 . 1104 277 . 184 . . . . . . . . . . . . Piercing 439 | . . . . . . . . . . . . . . . . . 439 . . . . . . . . . . Highest Corruption 29 | . 1 1 1 1 3 3 3 4 7 4 23 18 4 4 7 7 8 8 7 6 16 25 . . . 5 29 Average Corruption 5 | . 1 1 1 1 2 3 3 3 2 3 12 16 2 3 3 7 7 7 5 6 16 17 . . . 2 7 Corruption Purged 19 | . . . . . . . . . 3 2 5 2 . 4 . . . 1 2 . . . . . . . . Effects 636 | . . 2 1 3 26 30 41 23 24 27 47 137 15 13 26 45 26 2 14 57 . 13 . . . . 64 Message Errors 153 | . . 1 1 1 10 10 15 5 6 11 10 24 5 2 8 13 5 . 5 10 . . . . . . 11 Matter Fused 112 | . . . . . . 1 9 5 7 2 5 27 1 6 3 7 6 1 1 16 . 3 . . . . 12 Heat Flow Errors 56 | . . . . . 2 2 3 5 1 3 3 8 3 . 3 5 . 1 2 8 . . . . . . 7 Energy Discharges 72 | . . 1 . 1 5 9 5 3 5 5 2 10 2 . 5 6 2 . 1 6 . 1 . . . . 3 Parts Rejected 3 | . . . . . . . . . 1 . . . . . . . . . . 1 . . . . . . 1 Data Loss (minor) 76 | . . . . 1 3 6 4 1 2 2 6 21 4 1 5 5 2 . 3 5 . . . . . . 5 Data Loss (major) 16 | . . . . . . . . . . . . 6 . . . 3 1 . . 2 . 1 . . . . 3 Misfires 19 | . . . . . . . . . 1 . 3 7 . . . 2 3 . . 3 . . . . . . . Alerts 6 | . . . . . . . . . . . 2 4 . . . . . . . . . . . . . . . Misdirections 24 | . . . . . . . . . . . 7 14 . . . . . . . . . 2 . . . . 1 Targeting Errors 93 | . . . . . 6 2 5 3 1 4 9 15 . 4 2 4 7 . 1 5 . 6 . . . . 19 Weapon Failures 6 | . . . . . . . . 1 . . . 1 . . . . . . 1 1 . . . . . . 2 Overload Shots 21 | . . . . . . . . . . . . . . . . . . . . . . . . . . . 21 Effects 3 | . . . . . . . . . . . . . . . . . . . . . . . . . . . 3 Meltdown 3 | . . . . . . . . . . . . . . . . . . . . . . . . . . . 3 Overflow Damage 1149 | . 8 . . . 214 2 16 . 105 7 . 83 47 . 54 46 243 . 51 . 29 . 72 38 . 134 . Projectiles 283 | . . . . . . . . . 18 . . . . . 54 46 13 . 51 . 29 . 72 . . . . Explosions 519 | . 8 . . . 76 2 16 . . 7 . 8 . . . . 230 . . . . . . 38 . 134 . Melee 347 | . . . . . 138 . . . 87 . . 75 47 . . . . . . . . . . . . . . Knockbacks 13 | . . . . . . . . . . . . . 1 . . 9 3 . . . . . . . . . . Impact 1 | . . . . . . . . . . . . . 1 . . . . . . . . . . . . . . Kinetic 12 | . . . . . . . . . . . . . . . . 9 3 . . . . . . . . . . Secondary . | . . . . . . . . . . . . . . . . . . . . . . . . . . . . Self-Inflicted Damage 735 | . 23 46 . . 120 . 26 16 . 34 71 80 . . . . 90 . 3 . . . . . . 226 . Shots 19 | . 1 2 . . 2 . 3 1 . 2 1 3 . . . . 1 . . . . . . . . 3 . Rammed 12 | . . 1 . . . . 1 . . . . . 3 . . . . . 7 . . . . . . . . Targets Rammed 12 | . . 1 . . . . 1 . . . . . 3 . . . . . 7 . . . . . . . . Kicked . | . . . . . . . . . . . . . . . . . . . . . . . . . . . . Crushed . | . . . . . . . . . . . . . . . . . . . . . . . . . . . . Highest Temperature 623 | . 24 12 . . 216 213 281 252 201 185 268 249 265 . 179 212 623 119 244 205 132 206 382 198 180 74 197 Average Temperature 80 | . 7 7 . . 35 52 57 78 39 78 91 66 70 . 62 82 230 71 76 61 35 77 117 90 58 34 89 Received Heat Transfer 3527 | . 24 30 . . 495 81 621 189 123 126 90 341 419 188 27 4 540 . . 87 . . 27 45 . 13 57 Effects 28 | . . . . . . . . . 2 . . . . . . . 21 . . . . . 5 . . . . Shutdowns 3 | . . . . . . . . . . . . . . . . . 2 . . . . . 1 . . . . Energy Bleed 2 | . . . . . . . . . . . . . . . . . 1 . . . . . 1 . . . . Interference 6 | . . . . . . . . . 2 . . . . . . . 1 . . . . . 3 . . . . Matter Decay 2 | . . . . . . . . . . . . . . . . . 2 . . . . . . . . . . Short Circuit 1 | . . . . . . . . . . . . . . . . . 1 . . . . . . . . . . Damage (minor) 4 | . . . . . . . . . . . . . . . . . 4 . . . . . . . . . . Damage (major) 8 | . . . . . . . . . . . . . . . . . 8 . . . . . . . . . . Damage (core) 2 | . . . . . . . . . . . . . . . . . 2 . . . . . . . . . . Siege Activations 12 | . . . . . . . . . . . . . . 4 3 3 2 . . . . . . . . . . Total Turns 307 | . . . . . . . . . . . . . . 115 31 83 78 . . . . . . . . . . Longest Duration 54 | . . . . . . . . . . . . . . 54 13 41 40 . . . . . . . . . . Robots Corrupted 4 | . . . . . 1 . . . . . 1 2 . . . . . . . . . . . . . . . Combat Hostiles 3 | . . . . . 1 . . . . . . 2 . . . . . . . . . . . . . . . Parts Fried 21 | . . . . . 1 2 5 . . . 2 4 . . 2 . . . . . 5 . . . . . . Impact Corruptions . | . . . . . . . . . . . . . . . . . . . . . . . . . . . . Robots Melted 1 | . . . . . . . . . . . . . . . . . . . . . . . . . . . 1 Combat Hostiles 1 | . . . . . . . . . . . . . . . . . . . . . . . . . . . 1 Parts Melted 19 | . . . . . . . . . . . . . . 3 3 . 8 . 1 . . . . . . . 4 Heat Transferred 7532 | . . . . . 100 200 50 . . . . . . 1295 1157 211 1916 . 222 . . . 555 259 . 37 1530 Parts Sabotaged . | . . . . . . . . . . . . . . . . . . . . . . . . . . . . Parts Stolen . | . . . . . . . . . . . . . . . . . . . . . . . . . . . . Parts Stripped . | . . . . . . . . . . . . . . . . . . . . . . . . . . . . Power Chain Reactions 11 | . . . . . 1 4 1 1 . 1 . 2 1 . . . . . . . . . . . . . . Missiles Intercepted . | . . . . . . . . . . . . . . . . . . . . . . . . . . . . Alert | -11 -10 -10 -10 -9 -8 -8 -8 -8 -7 -7 -7 -7 -6 -6 -5 -5 -4 -4 -4 -4 -3 -3 -2 -2 -1 -1 -1 ------- Run | Scr Mat Min Exi Min Mat Gar Mat Gar Fac Gar Fac Gar Fac Gar Fac Gar Fac Was Fac Gar Res Gar Res Gar Acc Gar Acc Peak Influence 1347 | 10 200 216 . . 740 1238 965 861 488 564 349 793 461 397 512 858 618 202 328 637 384 354 423 1347 847 941 582 Initial 808 | . 6 27 . . . 481 603 419 451 154 296 210 415 72 207 147 450 187 141 102 268 264 198 219 808 677 552 Average 402 | 4 71 69 . . 298 1007 745 692 318 319 252 619 109 277 102 540 454 198 253 365 305 303 305 836 836 750 383 Maximum Alert Level 4 | . 1 1 . . 3 4 3 3 2 2 1 3 2 1 2 3 2 1 1 2 1 1 2 4 3 3 2 Low Security (%) 28 | 100 99 80 . 100 44 . . . 7 25 24 . 84 12 76 14 . 23 20 5 . . 12 . . . . Level 1 27 | . . 19 . . 17 . . . 72 32 75 7 . 87 19 19 20 76 79 44 100 100 83 17 . . 69 Level 2 26 | . . . . . 35 14 46 41 20 42 . 56 15 . 3 40 79 . . 50 . . 3 34 . 4 30 Level 3 14 | . . . . . 2 43 53 58 . . . 35 . . . 26 . . . . . . . 4 100 95 . Level 4 3 | . . . . . . 42 . . . . . . . . . . . . . . . . . 43 . . . Level 5 . | . . . . . . . . . . . . . . . . . . . . . . . . . . . . High Security . | . . . . . . . . . . . . . . . . . . . . . . . . . . . . Max Security . | . . . . . . . . . . . . . . . . . . . . . . . . . . . . Squads Dispatched 50 | . 1 . . . 7 . 6 . 3 . 2 . 11 . 7 . 6 . 1 . . . 3 . 1 . 2 Investigation 17 | . 1 . . . 4 . 1 . 1 . . . 7 . 2 . . . . . . . 1 . . . . Extermination 15 | . . . . . . . . . 1 . 1 . 2 . 3 . 3 . 1 . . . 2 . . . 2 Reinforcement 12 | . . . . . 2 . 3 . 1 . 1 . 2 . 2 . 1 . . . . . . . . . . Assault 6 | . . . . . 1 . 2 . . . . . . . . . 2 . . . . . . . 1 . . Garrison . | . . . . . . . . . . . . . . . . . . . . . . . . . . . . Intercept . | . . . . . . . . . . . . . . . . . . . . . . . . . . . . Construction Impeded 3 | . . . . . 1 . 1 . . . . . . . . . 1 . . . . . . . . . . Haulers Reinforced 3 | . . . . . . . . . 1 . 1 . 1 . . . . . . . . . . . . . . Stealth | -11 -10 -10 -10 -9 -8 -8 -8 -8 -7 -7 -7 -7 -6 -6 -5 -5 -4 -4 -4 -4 -3 -3 -2 -2 -1 -1 -1 --------- Run | Scr Mat Min Exi Min Mat Gar Mat Gar Fac Gar Fac Gar Fac Gar Fac Gar Fac Was Fac Gar Res Gar Res Gar Acc Gar Acc Distress Signals 15 | . . . . . 3 . 4 . 1 . 2 . . . . . 2 . . . 1 . 2 . . . . Communications Jammed 227 | . . . . . . . . . . . . . 1 . 14 . 115 . 4 . 4 . 49 . . . 40 Distress Signals 226 | . . . . . . . . . . . . . . . 14 . 115 . 4 . 4 . 49 . . . 40 Times Spotted 472 | . 15 7 . . 53 16 53 12 18 14 13 32 32 14 15 31 28 6 13 20 3 4 24 8 2 10 29 Peak Tracking Total 8 | . 6 2 . . 5 5 5 5 3 5 4 6 5 7 3 5 8 6 8 4 4 7 7 4 2 5 7 Tactical Retreats 58 | . 3 . . . 4 5 4 1 . 4 1 5 2 1 . 9 . . 2 4 2 2 4 4 . . 1 Traps | -11 -10 -10 -10 -9 -8 -8 -8 -8 -7 -7 -7 -7 -6 -6 -5 -5 -4 -4 -4 -4 -3 -3 -2 -2 -1 -1 -1 ------- Run | Scr Mat Min Exi Min Mat Gar Mat Gar Fac Gar Fac Gar Fac Gar Fac Gar Fac Was Fac Gar Res Gar Res Gar Acc Gar Acc Traps Triggered 46 | . 4 . . . . 5 . 5 3 1 2 6 . . 3 3 2 . 2 5 2 . 1 2 . . . Indirectly 6 | . . . . . . 3 . 3 . . . . . . . . . . . . . . . . . . . Trap Hack Attempts . | . . . . . . . . . . . . . . . . . . . . . . . . . . . . Triggered . | . . . . . . . . . . . . . . . . . . . . . . . . . . . . Disarmed . | . . . . . . . . . . . . . . . . . . . . . . . . . . . . Reprogrammed . | . . . . . . . . . . . . . . . . . . . . . . . . . . . . Reused 15 | . . . . . . . 1 . . 4 . 1 . . . . . . . 1 1 . 6 . . . 1 Traps Reconfigurated 75 | . . . . . 12 3 5 11 2 11 . 2 1 . 3 . 2 . . 6 4 . 10 . . . 3 Traps Extracted . | . . . . . . . . . . . . . . . . . . . . . . . . . . . . Installed . | . . . . . . . . . . . . . . . . . . . . . . . . . . . . Triggered 15 | . . . . . . . 1 . . 4 . 1 . . . . . . . 1 1 . 6 . . . 1 Exploded 1 | . . . 1 . . . . . . . . . . . . . . . . . . . . . . . . Machines | -11 -10 -10 -10 -9 -8 -8 -8 -8 -7 -7 -7 -7 -6 -6 -5 -5 -4 -4 -4 -4 -3 -3 -2 -2 -1 -1 -1 ---------- Run | Scr Mat Min Exi Min Mat Gar Mat Gar Fac Gar Fac Gar Fac Gar Fac Gar Fac Was Fac Gar Res Gar Res Gar Acc Gar Acc Machines Disabled 50 | . 2 . . . 7 1 2 2 . 1 5 3 . 1 4 3 5 . 2 3 . 1 1 3 . 3 1 Max in Single Turn 3 | . 1 . . . 2 1 1 1 . 1 3 1 . 1 1 1 2 . 2 1 . 1 1 1 . 1 1 Garrison Access 1 | . . . . . . . . . 1 . . . . . . . . . . . . . . . . . . Garrison Relay 18 | . . . . . . 1 . 2 . 1 . 3 . 1 . 2 . . . 3 . 1 . 3 . 1 . Machines Sabotaged . | . . . . . . . . . . . . . . . . . . . . . . . . . . . . Garrisons Compromised . | . . . . . . . . . . . . . . . . . . . . . . . . . . . . Overloaded Fab Kills . | . . . . . . . . . . . . . . . . . . . . . . . . . . . . Fab Network Shutdowns 1 | . . . . . . . . . . . . . . . 1 . . . . . . . . . . . . Hacking | -11 -10 -10 -10 -9 -8 -8 -8 -8 -7 -7 -7 -7 -6 -6 -5 -5 -4 -4 -4 -4 -3 -3 -2 -2 -1 -1 -1 --------- Run | Scr Mat Min Exi Min Mat Gar Mat Gar Fac Gar Fac Gar Fac Gar Fac Gar Fac Was Fac Gar Res Gar Res Gar Acc Gar Acc Machines Accessed 119 | . 10 . 2 . 15 . 11 . 10 . 5 . 15 . 16 . 3 . 7 . 7 . 17 . 1 . . Terminals 56 | . 8 . . . 9 . 5 . 4 . 1 . 9 . 7 . 1 . 1 . 3 . 8 . . . . Fabricators 15 | . . . . . . . . . 3 . 1 . 2 . 4 . . . 1 . 1 . 3 . . . . Repair Stations 10 | . . . . . 2 . 1 . 1 . . . 1 . 1 . 1 . 1 . . . 2 . . . . Recycling Units 13 | . 2 . . . 2 . 2 . . . 1 . 2 . 1 . 1 . 1 . 1 . . . . . . Scanalyzers 6 | . . . . . 1 . 2 . . . . . . . . . . . 1 . . . 2 . . . . Garrison Access 17 | . . . . . 1 . 1 . 2 . 2 . 1 . 3 . . . 2 . 2 . 2 . 1 . . Total Hacks 437 | . 29 . 2 . 53 . 36 . 31 . 20 . 44 . 62 . 9 . 29 . 40 . 79 . 3 . . Successful 268 | . 20 . 2 . 30 . 25 . 19 . 16 . 25 . 44 . 7 . 16 . 15 . 46 . 3 . . Failed 169 | . 9 . . . 23 . 11 . 12 . 4 . 19 . 18 . 2 . 13 . 25 . 33 . . . . Catastrophic 16 | . . . . . 3 . 1 . 2 . . . 2 . 3 . 1 . . . 3 . 1 . . . . Database Lockouts . | . . . . . . . . . . . . . . . . . . . . . . . . . . . . Manual 256 | . 24 . 1 . 32 . 18 . 20 . 16 . 19 . 37 . 5 . 16 . 31 . 35 . 2 . . Terminals 213 | . 24 . . . 30 . 17 . 17 . 7 . 27 . 27 . 2 . 3 . 22 . 37 . . . . Fabricators 66 | . . . . . . . . . 9 . 4 . 7 . 20 . . . 2 . 4 . 20 . . . . Repair Stations 35 | . . . . . 6 . 2 . 3 . . . 4 . 4 . 2 . 5 . . . 9 . . . . Recycling Units 54 | . 5 . . . 11 . 6 . . . 5 . 5 . 5 . 5 . 5 . 7 . . . . . . Scanalyzers 23 | . . . . . 5 . 10 . . . . . . . . . . . 3 . . . 5 . . . . Garrison Access 44 | . . . . . 1 . 1 . 2 . 4 . 1 . 6 . . . 11 . 7 . 8 . 3 . . Terminal Hacks 55 | . 9 . 2 . 5 . 4 . 4 . 2 . 8 . 9 . . . 1 . 3 . 8 . . . . Record 4 | . . . 1 . . . . . . . . . . . . . . . 1 . . . 2 . . . . Part Schematic 9 | . 2 . . . 1 . . . . . . . 2 . 2 . . . . . 1 . 1 . . . . Robot Analysis 8 | . 4 . . . 1 . . . 1 . . . . . 2 . . . . . . . . . . . . Prototype ID Bank 4 | . 2 . . . 1 . . . . . . . . . . . . . . . . . 1 . . . . Open Door 1 | . . . . . . . . . . . . . 1 . . . . . . . . . . . . . . Machine Index 2 | . . . . . . . . . . . . . . . 1 . . . . . . . 1 . . . . Terminal Index 8 | . 1 . . . . . 1 . 1 . 1 . 1 . 1 . . . . . 1 . 1 . . . . Fabricator Index 5 | . . . . . . . . . 1 . 1 . 1 . 1 . . . . . . . 1 . . . . Garrison Index 2 | . . . . . . . . . 1 . . . 1 . . . . . . . . . . . . . . Unreport Threat 2 | . . . . . . . 2 . . . . . . . . . . . . . . . . . . . . Locate Traps 3 | . . . . . 1 . 1 . . . . . . . . . . . . . 1 . . . . . . Recall Extermination 2 | . . . . . . . . . . . . . . . 1 . . . . . . . 1 . . . . Recall Reinforcements 1 | . . . . . . . . . . . . . 1 . . . . . . . . . . . . . . Zone Layout 3 | . . . . . 1 . . . . . . . 1 . 1 . . . . . . . . . . . . EX-Prototype ID Bank 1 | . . . 1 . . . . . . . . . . . . . . . . . . . . . . . . Fabricator Hacks 41 | . . . . . . . . . 4 . 1 . 4 . 15 . . . 2 . 2 . 13 . . . . Load Schematic 17 | . . . . . . . . . 2 . . . 2 . 5 . . . 1 . 1 . 6 . . . . Build 24 | . . . . . . . . . 2 . 1 . 2 . 10 . . . 1 . 1 . 7 . . . . Repair Station Hacks 25 | . . . . . 3 . 2 . 1 . . . 4 . 4 . 2 . 2 . . . 7 . . . . Scan Component 14 | . . . . . 2 . 1 . 1 . . . 2 . 2 . 1 . 1 . . . 4 . . . . Repair 11 | . . . . . 1 . 1 . . . . . 2 . 2 . 1 . 1 . . . 3 . . . . Recycling Unit Hacks 14 | . 1 . . . 3 . 2 . . . 2 . 2 . 1 . 1 . 1 . 1 . . . . . . Retrieve Matter 1 | . . . . . 1 . . . . . . . . . . . . . . . . . . . . . . Retrieve Components 13 | . 1 . . . 2 . 2 . . . 2 . 2 . 1 . 1 . 1 . 1 . . . . . . Scanalyzer 18 | . . . . . 4 . 9 . . . . . . . . . . . 3 . . . 2 . . . . Insert Component 8 | . . . . . 2 . 4 . . . . . . . . . . . 1 . . . 1 . . . . Analyze 10 | . . . . . 2 . 5 . . . . . . . . . . . 2 . . . 1 . . . . Garrison Access Hacks 13 | . . . . . 1 . 1 . 2 . 1 . 1 . 1 . . . 1 . 2 . 2 . 1 . . Unlock Access 12 | . . . . . 1 . 1 . 1 . 1 . 1 . 1 . . . 1 . 2 . 2 . 1 . . Seal Access 1 | . . . . . . . . . 1 . . . . . . . . . . . . . . . . . . Unauthorized Hacks 102 | . 10 . . . 14 . 7 . 8 . 10 . 6 . 14 . 4 . 6 . 7 . 14 . 2 . . Terminals 56 | . 9 . . . 11 . 5 . 5 . 2 . 4 . 7 . 1 . . . 4 . 8 . . . . Track 1 | . . . . . 1 . . . . . . . . . . . . . . . . . . . . . . Assimilate 4 | . . . . . . . . . 1 . . . . . 1 . . . . . 1 . 1 . . . . Botnet 46 | . 8 . . . 9 . 4 . 3 . 1 . 4 . 6 . 1 . . . 3 . 7 . . . . Operators 5 | . 1 . . . 1 . 1 . 1 . 1 . . . . . . . . . . . . . . . . Fabricators 12 | . . . . . . . . . 3 . 3 . 1 . 3 . . . . . . . 2 . . . . Report 5 | . . . . . . . . . 1 . 1 . . . 2 . . . . . . . 1 . . . . Siphon 5 | . . . . . . . . . 1 . 1 . 1 . 1 . . . . . . . 1 . . . . Haulers 2 | . . . . . . . . . 1 . 1 . . . . . . . . . . . . . . . . Repair Stations 1 | . . . . . . . . . . . . . . . . . . . 1 . . . . . . . . Mechanics 1 | . . . . . . . . . . . . . . . . . . . 1 . . . . . . . . Recycling Units 22 | . 1 . . . 3 . 2 . . . 3 . 1 . 3 . 3 . 4 . 2 . . . . . . Monitor 1 | . . . . . . . . . . . . . . . . . . . 1 . . . . . . . . Reject 6 | . . . . . 1 . . . . . 1 . . . 1 . 1 . 1 . 1 . . . . . . Recyclers 8 | . . . . . 1 . 1 . . . 1 . 1 . 1 . 1 . 1 . 1 . . . . . . Mask 7 | . 1 . . . 1 . 1 . . . 1 . . . 1 . 1 . 1 . . . . . . . . Scanalyzers . | . . . . . . . . . . . . . . . . . . . . . . . . . . . . Garrison Access 11 | . . . . . . . . . . . 2 . . . 1 . . . 1 . 1 . 4 . 2 . . Broadcast 1 | . . . . . . . . . . . . . . . . . . . . . . . 1 . . . . Reprogram 5 | . . . . . . . . . . . 1 . . . 1 . . . . . . . 2 . 1 . . Watchers 5 | . . . . . . . . . . . 1 . . . . . . . 1 . 1 . 1 . 1 . . Data Cores Recovered 2 | . . . . . . . . . . . . . 2 . . . . . . . . . . . . . . Used 1 | . . . . . . . . . . . . . 1 . . . . . . . . . . . . . . Hacking Detections 95 | . 9 . . . 14 . 10 . 8 . 3 . 13 . 13 . 2 . 6 . 6 . 11 . . . . Full Trace Events 19 | . 2 . . . 4 . 2 . 1 . . . 7 . 2 . . . . . . . 1 . . . . Feedback Events 1 | . . . . . 1 . . . . . . . . . . . . . . . . . . . . . . Corruption 1 | . . . . . 1 . . . . . . . . . . . . . . . . . . . . . . Feedback Blocked . | . . . . . . . . . . . . . . . . . . . . . . . . . . . . Robot Schematics Acquired . | . . . . . . . . . . . . . . . . . . . . . . . . . . . . Robots Built 2 | . . . . . . . . . 2 . . . . . . . . . . . . . . . . . . Matter 219 | . . . . . . . . . 219 . . . . . . . . . . . . . . . . . . Time 38 | . . . . . . . . . 38 . . . . . . . . . . . . . . . . . . Total Robot Build Rating 6 | . . . . . . . . . 6 . . . . . . . . . . . . . . . . . . Part Schematics Acquired 17 | . 2 . . . 3 . 4 . . . . . 2 . 2 . . . 1 . 1 . 2 . . . . Parts Built 23 | . . . . . . . . . 1 . 1 . 2 . 7 . . . . . 2 . 10 . . . . Matter 3472 | . . . . . . . . . 146 . 190 . 376 . 1234 . . . 146 . 234 . 1146 . . . . Time 1351 | . . . . . . . . . 73 . 95 . 153 . 590 . . . 73 . 58 . 309 . . . . Total Part Build Rating 122 | . . . . . . . . . 3 . 5 . 12 . 34 . . . . . 14 . 54 . . . . Parts Repaired 11 | . . . . . 1 . 1 . . . . . 2 . 2 . 1 . 1 . . . 3 . . . . Time 484 | . . . . . 32 . 26 . . . . . 53 . 56 . 56 . 74 . . . 187 . . . . Parts Recycled . | . . . . . . . . . . . . . . . . . . . . . . . . . . . . Recycled Matter . | . . . . . . . . . . . . . . . . . . . . . . . . . . . . Retrieved Matter . | . . . . . . . . . . . . . . . . . . . . . . . . . . . . Retrieved Components 51 | . 9 . . . 11 . 11 . . . . . 11 . 3 . 1 . 2 . 3 . . . . . . Parts Scanalyzed 8 | . . . . . 2 . 4 . . . . . . . . . . . 1 . . . 1 . . . . Part Schematics Acquired 8 | . . . . . 2 . 4 . . . . . . . . . . . 1 . . . 1 . . . . Parts Damaged 1 | . . . . . . . . . . . . . . . . . . . . . . . 1 . . . . Bothacking | -11 -10 -10 -10 -9 -8 -8 -8 -8 -7 -7 -7 -7 -6 -6 -5 -5 -4 -4 -4 -4 -3 -3 -2 -2 -1 -1 -1 ------------ Run | Scr Mat Min Exi Min Mat Gar Mat Gar Fac Gar Fac Gar Fac Gar Fac Gar Fac Was Fac Gar Res Gar Res Gar Acc Gar Acc Used RIF Installer 9 | . . . . . . 1 . 1 . 1 . 1 . 1 . 1 . . . 1 . 1 . 1 . . . Command Fork 1 | . . . . . . . . . . . . . . . . 1 . . . . . . . . . . . Signal Jammer 1 | . . . . . . . . . . . . 1 . . . . . . . . . . . . . . . Zone Cloak 2 | . . . . . . . . 1 . . . . . . . . . . . 1 . . . . . . . Robot Detection 1 | . . . . . . . . . . . . . . 1 . . . . . . . . . . . . . Patrol Navigation 1 | . . . . . . . . . . . . . . . . . . . . . . . . 1 . . . Structural Interface 1 | . . . . . . . . . . 1 . . . . . . . . . . . . . . . . . Crosswire 1 | . . . . . . . . . . . . . . . . . . . . . . 1 . . . . . Robots Hacked 62 | . . . . . . . . . 2 . . 11 10 . 1 6 5 . 1 13 . . 1 3 . 1 8 Non-combat 9 | . . . . . . . . . . . . . 1 . 1 . . . 1 . . . 1 . . . 5 Combat 53 | . . . . . . . . . 2 . . 11 9 . . 6 5 . . 13 . . . 3 . 1 3 Robot Hacks Applied 70 | . . . . . . . . . 2 . . 12 14 . 2 7 5 . 1 13 . . 1 3 . 1 9 no_distress 2 | . . . . . . . . . . . . . . . . . . . . . . . . . . . 2 drop_inventory 1 | . . . . . . . . . . . . . . . . . . . . . . . . . . . 1 find_recycling 1 | . . . . . . . . . . . . . . . . . . . . . . . . . . . 1 purge_threat 5 | . . . . . . . . . . . . . 3 . 2 . . . . . . . . . . . . map_route 3 | . . . . . . . . . . . . . . . . . . . 1 . . . 1 . . . 1 focus_fire 1 | . . . . . . . . . . . . . . . . 1 . . . . . . . . . . . disrupt_area 1 | . . . . . . . . . . . . . 1 . . . . . . . . . . . . . . spike_heat 1 | . . . . . . . . . . . . . . . . 1 . . . . . . . . . . . overload_power 1 | . . . . . . . . . . . . . . . . . . . . . . . . . . . 1 disable_weapons 2 | . . . . . . . . . . . . 1 . . . . 1 . . . . . . . . . . streamctrl_high 2 | . . . . . . . . . 1 . . . 1 . . . . . . . . . . . . . . formatsys_low 1 | . . . . . . . . . . . . . 1 . . . . . . . . . . . . . . formatsys_high 49 | . . . . . . . . . 1 . . 11 8 . . 5 4 . . 13 . . . 3 . 1 3 Relay Couplers Released 73 | . . . . . . 3 . 9 . 3 . 15 . 4 . 8 . . . 11 . 4 . 11 . 5 . Machine Destruction 73 | . . . . . . 3 . 9 . 3 . 15 . 4 . 8 . . . 11 . 4 . 11 . 5 . Attached 39 | . . . . . . . . . 1 . . 8 7 3 . 3 2 . . 8 . 4 . 3 . . . Crosswired 10 | . . . . . . . . . . . . . . . . . . . . . . 5 . 2 . 3 . Robots Rewired 7 | . . . . . . . . . . . . . 1 . . . . . . 6 . . . . . . . Allies Hacked 4 | . . . . . . . . . . . 1 . 1 . . . 1 . . . . . . . . . 1 Hacks Repelled . | . . . . . . . . . . . . . . . . . . . . . . . . . . . . Allies | -11 -10 -10 -10 -9 -8 -8 -8 -8 -7 -7 -7 -7 -6 -6 -5 -5 -4 -4 -4 -4 -3 -3 -2 -2 -1 -1 -1 -------- Run | Scr Mat Min Exi Min Mat Gar Mat Gar Fac Gar Fac Gar Fac Gar Fac Gar Fac Was Fac Gar Res Gar Res Gar Acc Gar Acc Total Allies 77 | . . 2 . . . . . . 5 . 5 11 10 . 1 5 7 . . 21 . . 1 4 . 1 4 Largest Group 7 | . . 2 2 . . . . . 2 1 4 3 6 . 1 3 7 . . 6 . . 1 4 . 1 1 Highest-Rated Group 294 | . . 48 48 . . . . . 42 26 131 76 198 . 26 87 294 . . 180 . . 44 174 . 58 64 Highest-Rated Ally 64 | . . 31 31 . . . . . 26 26 38 38 41 . 26 29 49 . . 58 . . 44 48 . 58 64 Total Orders 11 | . . . . . . . . . 4 2 . 1 . . . 1 . . . . . . 1 2 . . . STAY 7 | . . . . . . . . . 2 1 . 1 . . . 1 . . . . . . 1 1 . . . FOLLOW 4 | . . . . . . . . . 2 1 . . . . . . . . . . . . . 1 . . . Ally Attacks 346 | . . 5 . . . . . . 25 . 28 39 44 . . 12 104 . . 71 . . . 4 . 8 6 Total Damage 8467 | . . 108 . . . . . . 438 . 516 938 1332 . . 192 2231 . . 2242 . . . 124 . 231 115 Kills 66 | . . 3 . . . . . . 3 . 8 5 11 . . 5 13 . . 16 . . . 1 . 1 . Allies Corrupted 3 | . . . . . . . . . . . . . 1 . . . . . . . . . . . . . 2 Allies Melted 1 | . . . . . . . . . . . . . . . . . . . . 1 . . . . . . . Intel | -11 -10 -10 -10 -9 -8 -8 -8 -8 -7 -7 -7 -7 -6 -6 -5 -5 -4 -4 -4 -4 -3 -3 -2 -2 -1 -1 -1 ------- Run | Scr Mat Min Exi Min Mat Gar Mat Gar Fac Gar Fac Gar Fac Gar Fac Gar Fac Was Fac Gar Res Gar Res Gar Acc Gar Acc Robot Analysis Total 8 | . 4 . . . 1 . . . 1 . . . . . 2 . . . . . . . . . . . . Derelict Logs Recovered 3 | . . 1 . 2 . . . . . . . . . . . . . . . . . . . . . . . Drone Launches . | . . . . . . . . . . . . . . . . . . . . . . . . . . . . Drone Recoveries . | . . . . . . . . . . . . . . . . . . . . . . . . . . . . Exploration | -11 -10 -10 -10 -9 -8 -8 -8 -8 -7 -7 -7 -7 -6 -6 -5 -5 -4 -4 -4 -4 -3 -3 -2 -2 -1 -1 -1 ------------- Run | Scr Mat Min Exi Min Mat Gar Mat Gar Fac Gar Fac Gar Fac Gar Fac Gar Fac Was Fac Gar Res Gar Res Gar Acc Gar Acc Turns Passed 36481 | 78 1304 1096 487 951 3319 1805 2352 1311 1985 1568 1028 2688 2386 1056 2574 1491 1393 63 438 1764 331 213 1227 1168 317 536 1552 Spaces Moved 20090 | 47 722 586 270 524 1391 828 883 602 939 570 413 967 940 508 1263 692 697 137 550 1689 541 214 1569 1062 239 244 1003 Core 356 | 16 . . . . . . . . . . . 38 17 . . . . . 19 . 2 . . . . 17 247 Treads 12636 | 31 722 586 270 524 1391 828 883 602 939 570 413 929 883 508 1263 692 602 . . . . . . . . . . Legs 772 | . . . . . . . . . . . . . 16 . . . . . . . . . . . . . 756 Wheels 53 | . . . . . . . . . . . . . . . . . . . . . . . 53 . . . . Hover . | . . . . . . . . . . . . . . . . . . . . . . . . . . . . Flight 6273 | . . . . . . . . . . . . . 24 . . . 95 137 531 1689 539 214 1516 1062 239 227 . Fastest Speed 28 | 50 160 160 180 180 180 180 185 185 180 180 180 180 160 160 160 180 37 37 37 37 31 34 28 31 114 37 50 Average Speed 139 | 122 160 177 180 180 180 186 204 192 184 203 214 240 216 160 172 180 156 37 46 37 34 48 33 46 114 104 107 Slowest Speed 1450 | 160 160 180 180 180 185 205 205 205 205 220 220 1450 1050 160 180 180 440 37 450 117 450 117 117 114 114 114 250 Overloaded Moves . | . . . . . . . . . . . . . . . . . . . . . . . . . . . . Propulsion Burnouts . | . . . . . . . . . . . . . . . . . . . . . . . . . . . . Robots Hopped 15 | . . . . . . . . . . . . . . . . . 1 . 3 2 1 . 7 . . 1 . Cave-ins Triggered 4 | . . . . . . . . . . . . . . . . . . . . . 1 1 . . . . 2 Exploration Rate (%) 54 | 3 95 99 69 94 84 64 71 72 28 49 15 88 27 72 30 81 21 84 10 94 17 40 38 88 8 41 34 Regions Visited 27 Branch Regions 3 Pre-discovered Areas 1 | . . . 1 . . . . . . . . . . . . . . . . . . . . . . . . Known Exits Taken 10 | . . . . . 1 . 1 . 1 . 1 . 1 . 1 . . . 1 . 1 . 1 . 1 . . Unknown Exits Taken 5 | 1 1 1 1 1 . . . . . . . . . . . . . . . . . . . . . . . Scrap Searched 3 | . . 1 . 2 . . . . . . . . . . . . . . . . . . . . . . . Spaces Dug 275 | . 10 . . . 29 . 13 3 6 . 2 . 9 . 30 . 7 . 2 7 7 12 31 15 10 63 19 Terrain Destroyed 965 | . 17 17 . . 72 19 31 20 6 12 26 31 13 . 43 6 42 . 3 22 8 18 38 376 10 93 42 Melee 52 | . . . . . 21 . 13 . 6 . 2 . 7 . 3 . . . . . . . . . . . . Projectile 234 | . . . . . . . . . . . . . 2 . 40 6 20 . 3 22 8 18 38 39 10 5 23 AOE 679 | . 17 17 . . 51 19 18 20 . 12 24 31 4 . . . 22 . . . . . . 337 . 88 19 Terrain Rammed . | . . . . . . . . . . . . . . . . . . . . . . . . . . . . Walls Destroyed . | . . . . . . . . . . . . . . . . . . . . . . . . . . . . Machines Disabled . | . . . . . . . . . . . . . . . . . . . . . . . . . . . . Actions | -11 -10 -10 -10 -9 -8 -8 -8 -8 -7 -7 -7 -7 -6 -6 -5 -5 -4 -4 -4 -4 -3 -3 -2 -2 -1 -1 -1 --------- Run | Scr Mat Min Exi Min Mat Gar Mat Gar Fac Gar Fac Gar Fac Gar Fac Gar Fac Was Fac Gar Res Gar Res Gar Acc Gar Acc Total 26868 | 61 806 626 272 530 2008 1060 1298 707 1136 924 504 1224 1196 691 1543 888 907 148 712 2752 649 284 2183 1646 273 509 1331 Wait 4218 | . 9 4 1 1 360 112 233 36 106 280 29 101 98 127 110 118 59 . 96 841 50 48 482 459 25 248 185 Move 20039 | 46 721 585 269 523 1391 827 883 601 939 569 413 966 940 507 1263 691 695 136 544 1684 537 212 1555 1061 238 241 1002 Hop 14 | . . . . . . . . . . . . . . . . . 1 . 3 2 1 . 6 . . 1 . Pick Up 167 | 4 15 4 1 1 26 16 15 6 6 2 3 14 9 1 15 6 7 . 1 2 2 . 5 . . . 6 Fast Attach 237 | 5 5 3 . 1 6 6 9 2 10 5 10 5 17 5 16 1 21 6 6 24 14 3 32 3 . 1 21 Attach 99 | 1 2 . . . 8 4 6 5 6 5 2 6 9 1 7 4 16 . 2 7 1 . 1 . . 2 4 Detach 83 | 1 2 . . . 3 3 7 1 8 4 3 2 5 . 11 1 10 1 3 5 2 . 6 1 . . 4 Swap 252 | . 5 9 . 1 43 9 22 7 14 18 9 22 21 3 14 9 7 . . 10 5 1 8 10 . 1 4 Drop 253 | 1 10 10 1 2 21 25 14 3 6 4 4 10 15 4 16 5 21 5 8 16 12 . 28 3 . . 9 Fire 1175 | 3 37 10 . 1 120 48 94 37 29 29 28 62 69 43 83 47 55 . 12 98 14 19 56 78 10 13 80 Melee 153 | . . . . . 30 3 14 2 10 6 2 22 10 . 8 . 15 . . . . . 4 9 . 2 16 Ram 7 | . . . . . . . . . . . . . . . . . . . 7 . . . . . . . . Kick . | . . . . . . . . . . . . . . . . . . . . . . . . . . . . Crush 5 | . . 1 . . . . 1 . . . . . 3 . . . . . . . . . . . . . . Escape Stasis 163 | . . . . . . 7 . 7 2 2 . 12 . . . 6 . . 30 63 11 1 . 22 . . . Rewire 3 | . . . . . . . . . . . 1 2 . . . . . . . . . . . . . . . Trap . | . . . . . . . . . . . . . . . . . . . . . . . . . . . . Miscellaneous . | . . . . . . . . . . . . . . . . . . . . . . . . . . . . Route ------- -11/Scrapyard -10/Materials (discovered 5 exits: *Mat x3 / [*Min x2]) -10/Mines (discovered 3 exits: *Mat x2 / *Exi) -10/Exiles -9/Mines -8/Materials (discovered 4 exits: *Fac x3 / Gar) -8/Garrison (discovered 2 exits: *Mat x2) -8/Materials (discovered 2 exits: *Fac / Gar) -8/Garrison (discovered 3 exits: *Fac x3) -7/Factory (discovered 3 exits: *Sto / *Low / Gar) -7/Garrison -7/Factory -7/Garrison (discovered 3 exits: *Fac x3) -6/Factory (discovered 3 exits: *Fac / [*Ext] / Gar) -6/Garrison (discovered 2 exits: *Fac x2) -5/Factory (discovered 2 exits: *Fac / Gar) -5/Garrison (discovered 2 exits: *Fac x2) -4/Factory -4/Waste -4/Factory -4/Garrison (discovered 3 exits: *Res x3) -3/Research (discovered 2 exits: Gar / Gar) -3/Garrison -2/Research (discovered 2 exits: Gar / Gar) -2/Garrison (discovered 3 exits: *Acc x3) -1/Access -1/Garrison -1/Access To Epsilon Eridani History --------- Turn | Location | Event 3 | -11/Scrapyard | Discovered new exit (range 15) 79 | -11/Scrapyard | Entered Materials 317 | -10/Materials | Build established: Mutant 491 | -10/Materials | Discovered new exit (range 7) 647 | -10/Materials | Identified exit to Materials 765 | -10/Materials | Discovered exit to Materials (range 8) 1001 | -10/Materials | Discovered exit to Materials (range 10) 1069 | -10/Materials | Discovered new exit (range 7) 1211 | -10/Materials | Discovered new exit (range 13) 1383 | -10/Materials | Entered Mines 1418 | -10/Mines | Discovered exit to Materials (range 7) 1466 | -10/Mines | Discovered exit to Materials (range 6) 1709 | -10/Mines | Joined a pair of Derelicts in attacking an 0b10 outpost 2226 | -10/Mines | Learned Materials terminal intel 2257 | -10/Mines | Received a Rocket Launcher from a helpful Derelict 2467 | -10/Mines | Deemed a non-threat by the Exiles lab entrance 2467 | -10/Mines | Discovered new exit (range 5) 2479 | -10/Mines | Entered Exiles 2479 | -10/Exiles | Accompanied by 2 allies 2509 | -10/Exiles | Led the pair of lost Derelicts to a safe place 2524 | -10/Exiles | Met 8R-AWN 2555 | -10/Exiles | Met EX-HEX 2643 | -10/Exiles | Met EX-DEC 2672 | -10/Exiles | Learned location of Zion (-7) 2704 | -10/Exiles | Met EX-BIN 2730 | -10/Exiles | Aligned with FarCom system 2731 | -10/Exiles | Given EX-Vault access code 2775 | -10/Exiles | Opened EX-Vault 2786 | -10/Exiles | Found Trap Reconfigurator 2827 | -10/Exiles | Warned to stay clear of 0b10 Research branches 2849 | -10/Exiles | Exiles lab attacked by MAIN.C 2951 | -10/Exiles | Discovered new exit (range 10) 2966 | -10/Exiles | Left Exiles lab with Trap Reconfigurator 2966 | -10/Exiles | Entered Mines 2988 | -9/Mines | Found a damaged Exp. Sensor Array with a note attached 2992 | -9/Mines | Found Prototype Device 2992 | -9/Mines | Identified Exp. Sensor Array 3017 | -9/Mines | Met a Derelict bent on vengeance 3280 | -9/Mines | Build established: Scavenger-Mutant 3288 | -9/Mines | Learned 2 Materials zone layouts 3419 | -9/Mines | Discovered new exit (range 14) 3448 | -9/Mines | Learned 4 Materials zone layouts 3917 | -9/Mines | Entered Materials 3917 | -8/Materials | Evolved 4 slots: Utility x4 3918 | -8/Materials | Identified exit to Factory 3919 | -8/Materials | Loaded intel: 12 terminal locations 4250 | -8/Materials | Build established: Hauler-Mutant 5203 | -8/Materials | Discovered exit to Factory (range 10) 6039 | -8/Materials | Repaired Hrd. Light Armor Plating 7117 | -8/Materials | First assault squad dispatched 7187 | -8/Materials | Discovered exit to Factory (range 13) 7236 | -8/Materials | Identified exit to Garrison 7236 | -8/Materials | Entered Garrison 7597 | -8/Garrison | Triggered checkpoint 7691 | -8/Garrison | Build established: Mutant 7742 | -8/Garrison | Triggered checkpoint 7764 | -8/Garrison | Discovered new exit (range 15) 7899 | -8/Garrison | Triggered checkpoint 7975 | -8/Garrison | Discovered new exit (range 12) 7993 | -8/Garrison | Identified exit to Materials 8003 | -8/Garrison | Installed Relay Interface Framework 8196 | -8/Garrison | Triggered checkpoint 8275 | -8/Garrison | Triggered checkpoint 8303 | -8/Garrison | Garrison Relay disabled 8908 | -8/Garrison | Build established: Hauler-Mutant 9041 | -8/Garrison | Entered Materials 9441 | -8/Materials | First assault squad dispatched 9810 | -8/Materials | Repaired Hcp. Storage Unit 10776 | -8/Materials | Discovered exit to Factory (range 16) 11120 | -8/Materials | Core integrity fell below 50% 11393 | -8/Materials | Identified exit to Garrison 11393 | -8/Materials | Entered Garrison 11456 | -8/Garrison | Triggered checkpoint 11582 | -8/Garrison | Triggered checkpoint 11705 | -8/Garrison | Discovered exit to Factory (range 14) 11857 | -8/Garrison | Triggered checkpoint 11954 | -8/Garrison | Triggered checkpoint 12060 | -8/Garrison | Triggered checkpoint 12083 | -8/Garrison | Garrison Relay disabled 12128 | -8/Garrison | Discovered exit to Factory (range 10) 12270 | -8/Garrison | Discovered exit to Factory (range 4) 12289 | -8/Garrison | Expanded RIF knowledge: Zone Cloak 12631 | -8/Garrison | Garrison Relay disabled 12704 | -8/Garrison | Entered Factory 12704 | -7/Factory | Evolved 2 slots: Utility x2 13008 | -7/Factory | Discovered new exit (range 11) 13026 | -7/Factory | Identified exit to Storage 13167 | -7/Factory | Build established: Bothacker-Skirmisher 13684 | -7/Factory | Fabricated H-55 Commando? 13722 | -7/Factory | Build established: Hacker-Mutant 13845 | -7/Factory | Discovered new exit (range 15) 13943 | -7/Factory | P-60 Hacker assimilated allied Commando 4a 13990 | -7/Factory | Identified exit to Lower Caves 14405 | -7/Factory | Fabricated System Shield? 14689 | -7/Factory | Identified exit to Garrison 14689 | -7/Factory | Entered Garrison 14689 | -7/Garrison | Accompanied by 1 ally 14954 | -7/Garrison | Triggered checkpoint 15012 | -7/Garrison | Garrison Relay disabled 15536 | -7/Garrison | Triggered checkpoint 15569 | -7/Garrison | Triggered checkpoint 15671 | -7/Garrison | Discovered new exit (range 10) 15690 | -7/Garrison | Identified exit to Factory 15705 | -7/Garrison | Expanded RIF knowledge: Structural Interface 16257 | -7/Garrison | Entered Factory 16650 | -7/Factory | Fabricated Hpw. Shock Rifle? 16724 | -7/Factory | System corruption reached 10% 16759 | -7/Factory | Lost 5 parts (1p4u) 17033 | -7/Factory | Build established: Bothacker-Mutant 17268 | -7/Factory | P-60 Hacker assimilated hostile Y-54 Guardian 17285 | -7/Factory | Identified exit to Garrison 17285 | -7/Factory | Entered Garrison 17285 | -7/Garrison | Accompanied by 1 ally 17348 | -7/Garrison | Triggered checkpoint 17481 | -7/Garrison | Garrison Relay disabled 17493 | -7/Garrison | Garrison Relay disabled 17828 | -7/Garrison | Spotted B-75 Beast 17828 | -7/Garrison | Spotted B-75 Beast 17892 | -7/Garrison | Triggered checkpoint 18099 | -7/Garrison | Triggered checkpoint 18138 | -7/Garrison | Triggered checkpoint 18299 | -7/Garrison | Discovered new exit (range 13) 18394 | -7/Garrison | Triggered checkpoint 18421 | -7/Garrison | Triggered checkpoint 18495 | -7/Garrison | Discovered new exit (range 5) 18515 | -7/Garrison | Expanded RIF knowledge: Signal Jamming 19017 | -7/Garrison | Core integrity fell below 50% 19049 | -7/Garrison | Destroyed B-75 Beast 19088 | -7/Garrison | Build established: Botlord-Mutant 19822 | -7/Garrison | Triggered checkpoint 19859 | -7/Garrison | Garrison Relay disabled 19943 | -7/Garrison | Discovered new exit (range 14) 19973 | -7/Garrison | Entered Factory 19973 | -6/Factory | Accompanied by 2 allies 19973 | -6/Factory | Evolved 2 slots: Utility x2 20221 | -6/Factory | Found Prototype Processor 20221 | -6/Factory | Identified Exp. Targeting Computer 20520 | -6/Factory | Discovered new exit (range 10) 20999 | -6/Factory | Fabricated Imp. System Shield? 21079 | -6/Factory | Lost 3 parts (3u) 21249 | -6/Factory | Build established: Bothacker-Mutant 21270 | -6/Factory | Fabricated HERF Cannon? 21613 | -6/Factory | Lost 4 parts (2n1u1w) 21930 | -6/Factory | Build established: Mutant 22048 | -6/Factory | Discovered new exit (range 15) 22309 | -6/Factory | Repaired Imp. Transmission Jammer 22341 | -6/Factory | Repaired Hvy. Treads 22359 | -6/Factory | Identified exit to Garrison 22359 | -6/Factory | Entered Garrison 22380 | -6/Garrison | Spotted B-75 Beast 22538 | -6/Garrison | Build established: Hacker-Mutant 22730 | -6/Garrison | Discovered new exit (range 12) 22980 | -6/Garrison | Triggered checkpoint 23026 | -6/Garrison | Triggered checkpoint 23080 | -6/Garrison | Discovered new exit (range 12) 23106 | -6/Garrison | Expanded RIF knowledge: Robot Detection 23288 | -6/Garrison | Triggered checkpoint 23337 | -6/Garrison | Garrison Relay disabled 23415 | -6/Garrison | Entered Factory 23415 | -5/Factory | Evolved 2 slots: Utility x2 23621 | -5/Factory | Build established: Bothacker-Mutant 23638 | -5/Factory | Discovered new exit (range 5) 23835 | -5/Factory | Fabricated Imp. Hacking Suite? 24082 | -5/Factory | Fabricated Imp. Hacking Suite? 24212 | -5/Factory | Fabricated Imp. Hacking Suite (x1) 24277 | -5/Factory | Fabricated Hcp. Storage Unit (x1) 24513 | -5/Factory | Build established: Hacker-Mutant 24862 | -5/Factory | Fabricated Adv. System Shield? 25080 | -5/Factory | Fabricated Adv. Hacking Suite? 25250 | -5/Factory | Spotted B-75 Beast 25304 | -5/Factory | Fabricated Adv. Hacking Suite? 25563 | -5/Factory | Repaired Hvy. Treads 25607 | -5/Factory | Repaired Neutron Cannon 25637 | -5/Factory | Local fabrication network quarantined 25716 | -5/Factory | P-70 Sage assimilated allied Administrator 6a 25989 | -5/Factory | Identified exit to Garrison 25989 | -5/Factory | Entered Garrison 26138 | -5/Garrison | Triggered checkpoint 26150 | -5/Garrison | Garrison Relay disabled 26594 | -5/Garrison | Found Quantum Capacitor 26606 | -5/Garrison | Discovered new exit (range 14) 26897 | -5/Garrison | Discovered new exit (range 9) 26922 | -5/Garrison | Expanded RIF knowledge: Command Fork 27086 | -5/Garrison | Triggered checkpoint 27271 | -5/Garrison | Garrison Relay disabled 27290 | -5/Garrison | Triggered checkpoint 27480 | -5/Garrison | Entered Factory 27480 | -4/Factory | Accompanied by 2 allies 27480 | -4/Factory | Evolved 2 slots: Utility x2 27641 | -4/Factory | Build established: Bothacker-Mutant 27676 | -4/Factory | Repaired Hvy. Treads 27837 | -4/Factory | Allied Derelicts emerged from ambush trap array 28166 | -4/Factory | Build established: Hacker-Mutant 28230 | -4/Factory | First assault squad dispatched 28408 | -4/Factory | Core integrity fell below 50% 28439 | -4/Factory | Core integrity fell below 20% 28465 | -4/Factory | Lost 12 parts (1p1n8u2w) 28873 | -4/Factory | Manually triggered Chute Trap 28873 | -4/Factory | Sucked down chute 28873 | -4/Factory | Entered Waste 28886 | -4/Waste | Spotted C-40 Crusher 28906 | -4/Waste | Found Unknown Device 28906 | -4/Waste | Identified Adv. Force Booster 28916 | -4/Waste | Spotted C-40 Crusher 28917 | -4/Waste | Spotted C-40 Crusher 28917 | -4/Waste | Spotted C-40 Crusher 28917 | -4/Waste | Spotted C-40 Crusher 28925 | -4/Waste | Spotted C-40 Crusher 28931 | -4/Waste | Discovered new exit (range 11) 28936 | -4/Waste | Entered Factory 29099 | -4/Factory | Build established: Wizard-Mutant 29204 | -4/Factory | Repaired Adv. Cloaking Device? 29374 | -4/Factory | Identified exit to Garrison 29374 | -4/Factory | Entered Garrison 29428 | -4/Garrison | Triggered checkpoint 29459 | -4/Garrison | Garrison Relay disabled 29542 | -4/Garrison | Triggered checkpoint 30062 | -4/Garrison | Triggered checkpoint 30111 | -4/Garrison | Garrison Relay disabled 30188 | -4/Garrison | Discovered new exit (range 15) 30322 | -4/Garrison | Spotted B-86 Titan 30470 | -4/Garrison | Discovered new exit (range 15) 30517 | -4/Garrison | Garrison Relay disabled 30626 | -4/Garrison | Triggered checkpoint 30714 | -4/Garrison | Triggered checkpoint 30764 | -4/Garrison | Triggered checkpoint 30924 | -4/Garrison | Discovered new exit (range 10) 30928 | -4/Garrison | Triggered checkpoint 30930 | -4/Garrison | Expanded RIF knowledge: Zone Cloak 30954 | -4/Garrison | Triggered checkpoint 31011 | -4/Garrison | Lost 3 parts (2n1w) 31138 | -4/Garrison | Entered Research 31138 | -3/Research | Evolved 2 slots: Propulsion x2 31144 | -3/Research | Found Unknown Launcher 31144 | -3/Research | Identified Fusion Bomb Launcher 31190 | -3/Research | Identified exit to Garrison 31255 | -3/Research | Fabricated Impulse Thruster? 31446 | -3/Research | Identified exit to Garrison 31466 | -3/Research | Crushed by falling debris 31467 | -3/Research | System corruption reached 10% 31469 | -3/Research | Entered Garrison 31471 | -3/Garrison | Expanded RIF knowledge: Crosswire 31497 | -3/Garrison | Lost 4 parts (1n3u) 31530 | -3/Garrison | Garrison Relay disabled 31583 | -3/Garrison | Spotted B-86 Titan 31639 | -3/Garrison | Crushed by falling debris 31669 | -3/Garrison | Discovered new exit (range 12) 31670 | -3/Garrison | Lost 3 parts (1n2u) 31682 | -3/Garrison | Entered Research 31682 | -2/Research | Evolved 2 slots: Power x1, Propulsion x1 31781 | -2/Research | Repaired Broken Lgt. Quantum Reactor? 31868 | -2/Research | Identified exit to Garrison 31913 | -2/Research | Fabricated Mic. Nuclear Core (x2) 32065 | -2/Research | Fabricated Lgt. Quantum Reactor (x2) 32114 | -2/Research | Fabricated Adv. Weight Redist. System (x2) 32126 | -2/Research | Build established: Wizard-Sprinter 32139 | -2/Research | Fabricated Med. Storage Unit? 32153 | -2/Research | Spotted B-90 Cyclops 32312 | -2/Research | Fabricated Impulse Thruster (x2) 32408 | -2/Research | Fabricated Exp. Hacking Suite? 32654 | -2/Research | Found Prototype Processor 32654 | -2/Research | Identified Exp. Core Analyzer 32671 | -2/Research | Identified exit to Garrison 32711 | -2/Research | Found Prototype Launcher 32711 | -2/Research | Identified Mni. Smartbomb Launcher 32733 | -2/Research | Spotted B-90 Cyclops 32817 | -2/Research | Repaired Fusion Bomb Launcher 32886 | -2/Research | Repaired Nova Cannon 32909 | -2/Research | Entered Garrison 33150 | -2/Garrison | Spotted B-90 Cyclops 33150 | -2/Garrison | Spotted B-90 Cyclops 33160 | -2/Garrison | Discovered new exit (range 15) 33226 | -2/Garrison | Garrison Relay disabled 33276 | -2/Garrison | Triggered checkpoint 33326 | -2/Garrison | Triggered checkpoint 33511 | -2/Garrison | Spotted B-90 Cyclops 33517 | -2/Garrison | Triggered checkpoint 33570 | -2/Garrison | Destroyed 10 combat bots 33575 | -2/Garrison | Destroyed B-90 Cyclops 33689 | -2/Garrison | Garrison Relay disabled 33704 | -2/Garrison | Discovered new exit (range 14) 34055 | -2/Garrison | Discovered new exit (range 9) 34069 | -2/Garrison | Expanded RIF knowledge: Watcher Feeds 34077 | -2/Garrison | Entered Access 34077 | -1/Access | Evolved 2 slots: Propulsion x1, Utility x1 34089 | -1/Access | Identified exit to Garrison 34096 | -1/Access | Build established: Wizard-Mutant 34327 | -1/Access | First assault squad dispatched 34394 | -1/Access | Entered Garrison 34416 | -1/Garrison | Garrison Relay disabled 34595 | -1/Garrison | Triggered checkpoint 34908 | -1/Garrison | Triggered checkpoint 34908 | -1/Garrison | Spotted B-99 Colossus 34927 | -1/Garrison | Discovered new exit (range 8) 34930 | -1/Garrison | Entered Access 34953 | -1/Access | Lost 9 parts (2p3n1u3w) 35817 | -1/Access | Found Fusion Bomb Launcher 35849 | -1/Access | Found Fusion Bomb Launcher 35924 | -1/Access | Spotted B-99 Colossus 35924 | -1/Access | Spotted B-99 Colossus 36266 | -1/Access | System corruption reached 10% 36444 | -1/Access | Crushed by falling debris 36458 | -1/Access | Crushed by falling debris 36479 | -1/Access | Discovered new exit (range 3) 36482 | *** | Escaped! Last Messages --------------- 36444_ Crushed by falling debris. 36444_ Adv. System Shield destroyed. 36444_ System corrupted by crushing effect (+5). 36444_ Adv. Force Field destroyed. 36444_ System corrupted by crushing effect (+5). 36449_ System corrupted: Adv. Variable Charge Gun targeting data glitched. 36455_ QBXVV >EBM D291J2ELM > Watcher Feeds: Established visual feed link with W-44 Eye. 36472_ L8BGCNAAU8PD742VNXJQL 36476_ Main Access Shell breached. 36479_ EXIT=FOUND [Achievement: Epsilon Run] [Achievement: One Last FU] Map ----- +----------------------------------------------------+ | ?????????????????????????????????????????????????? | | ?????????????????????????????????????????????????? | | ??????????????????????????####+#####?????????????? | | ??????????????????????????# #?????????????? | | ??????????????##########??# = #?????????????? | | ??????????????# #??# #?????????????? | | ?????????#????# ! ! #??# #?????????????? | | ?????????# ??# #### #?????????????? | | ?????????# T" # w + + ! +?????????????? | | ?????????# "" + ] #### #?????????????? | | ?????????# # ** #??# #?????????????? | | ?????????## ??# ** #??# +?????????????? | | ??????????? ??# * #??##########?????????????? | | ??????????# ?# #?????????????????????????? | | ??????????# ?##########?????????????????????????? | | ??????????# ????????????????????????????????????? | | ??????????# ????????????????????????????????????? | | ??????????# #????????????????????????????? ????? | | ??????????# #????????????????????????????? ??? | | ??????????# #######"##########????????????? "??? | | ??????????# """T"""" "???????? ?????"""?? | | ??????????# """ """" "????BB?? ????" ? | | ??????????# " " """ "????BB +###"# | | ??????????# " " " "???? | | ??????????# " " "" " "???? | | ??????????# " " @" " "???? | | ??????????# " " " "???? | | ??????????# " """""" "????BB ""#### | | ??????????# " "????BB???????## | | ??????????# " "?????????????## | | ??????????# #####""""#########??????????????# | | ??????????# #???##"#"#??????????????????????# | | ???######?# #????#####??????????????????????# | | ???# # #???????????????????????????????# | | ???# # #???????????????????????????????# | | ???# + #???????????????????????????????#! | | ???# # #???????????????????????????????# | | ???# ! # #???????????????????????????????# | | ???# ?# #???????????????????????????????# | | ???# ?# #???????????????????????????????# | | ???# ??# #???????????????????????????????##### | | ???#####??# #??????????###??????????????????? | | ??????????# #??????????BB#???????????????????? " | | ####### ###+#######BB##?????????????????# "" | | #?????????????????# " | | #?????????????????# | | #######+###### #?????????????????# | | ???????# ## !!#?????????????????# | | ???????#= ## !!#?????????????????# | | ???????# " ## #?????????????????##### | +----------------------------------------------------+ Best States ------------- Heat Dissipation 78 Coolant Potential 120 Energy Generation 45 Energy Capacity 1420 Matter Stores 550 Matter Capacity 550 Sight Range 22 Robot Scan Range 30 Terrain Scan Density 10 Jamming Range 12 Power Amplification 20 Additional Mass Support 9 Base Temperature (-) 200 Armor Coverage 1200 Core Shielding 30 Utility Shielding 90 Weapon Shielding 66 Point Defense Rating 80 Weapon Cycling 15 Melee Speed Boost 30 Evasion (%) 73 Targeting Accuracy 12 Target Analysis 8 Core Analysis 8 Recoil Reduction 2 Energy Filtering 30 Overload Regulation 60 Offensive Hacking 38 Defensive Hacking 52 Relay Coupler Types 178 Relay Coupler Value 7 Item Schematics ----------------- Med. Storage Unit | -10/Materials | Hacked Hcp. Storage Unit | -10/Materials | Hacked Hacking Suite | -8/Materials | Scanalyzed Exp. Sensor Array | -8/Materials | Scanalyzed System Shield | -8/Materials | Hacked Imp. Flight Unit | -8/Materials | Scanalyzed Adv. Weight Redist. System | -8/Materials | Scanalyzed Mic. Nuclear Core | -8/Materials | Scanalyzed Lrn. Tractor Beam | -8/Materials | Scanalyzed Imp. Hacking Suite | -6/Factory | Hacked Imp. System Shield | -6/Factory | Hacked Adv. Hacking Suite | -5/Factory | Hacked Adv. System Shield | -5/Factory | Hacked Impulse Thruster | -4/Factory | Scanalyzed Exp. Hacking Suite | -3/Research | Hacked Lgt. Quantum Reactor | -2/Research | Hacked Com. HERF Cannon | -2/Research | Scanalyzed Robot Schematics ------------------ None Fabricated ------------ H-55 Commando | x2 | -7/Factory | Preloaded System Shield | x1 | -7/Factory Hpw. Shock Rifle | x1 | -7/Factory | Preloaded Imp. System Shield | x1 | -6/Factory HERF Cannon | x1 | -6/Factory | Preloaded Imp. Hacking Suite | x1 | -5/Factory Imp. Hacking Suite | x1 | -5/Factory Imp. Hacking Suite | x1 | -5/Factory Hcp. Storage Unit | x1 | -5/Factory Adv. System Shield | x1 | -5/Factory Adv. Hacking Suite | x1 | -5/Factory Adv. Hacking Suite | x1 | -5/Factory Impulse Thruster | x2 | -3/Research Mic. Nuclear Core | x2 | -2/Research Lgt. Quantum Reactor | x2 | -2/Research Adv. Weight Redist. System | x2 | -2/Research Med. Storage Unit | x1 | -2/Research Impulse Thruster | x2 | -2/Research Exp. Hacking Suite | x1 | -2/Research Alien Tech Used ----------------- None Achievements -------------- Epsilon Run One Last FU Challenges ------------ None Game ------ Seed TacticalSurveybotSegregator Manual? 0 Play Time 05:12:50 Cumulative 461.5 hours Start 2021.08.09 @ 18:49:17 End 2021.08.10 @ 09:32:46 Sessions 3 Manual Loads 0 Difficulty Rogue Special Mode None Game No. 372 Rogue 372 Adventurer 0 Explorer 0 Win Type 0 Total 2 Types 1/0/0/1/0/0/0/0/0 Lore% 72 Gallery% 82 Achievement% 63 Wizard Run 0 Options --------- ASCII 0 Keyboard 1 Movement Numpad Keybinds 0 Fullscreen 1 Font 12/Terminus Map View 83x54 Tactical HUD 1 Map Filters NONE Filters NONE Steam 1 RUN: 0731ba90-cd92-4595-80d7-663fea0a15e6